 Dungeon Crawl Stone Soup version 0.30.1-4-g462c640d31 (webtiles) character file.

Game seed: 4466030141938249848

51 arthad the Ruffian (level 3, -1/33 HPs)
             Began as a Ghoul Monk on Aug 26, 2023.
             Slain by a cerulean imp
             ... wielding a +2 spear
             ... summoned by Natasha
              (5 damage)
             ... on level 2 of the Dungeon.
             The game lasted 00:03:00 (1123 turns).

arthad the Ruffian (Ghoul Monk)                     Turns: 1123, Time: 00:03:01

Health: -1/33      AC:  2    Str: 16    XL:     3   Next: 83%
Magic:  2/2        EV: 12    Int:  5    God:
Gold:   88         SH:  0    Dex: 11    Spells: 2/2 levels left

rFire   . .          .
                       - Unarmed
rCold   + . .        c - orb {light}
rNeg    + + +        a - +0 robe
rPois   ∞            (no helmet)
rElec   .            f - scarf {shadows}
rCorr   .            (no gloves)
SInv    .            (no boots)
Will    .....        r - amulet of regeneration
Stlth   +            (no ring)
HPRegen 0.00/turn    (no ring)
MPRegen 0.08/turn

%: no passive effects
@: inhibited regen, glowing
A: claws 1, cold resistance 1, negative energy resistance 3, inhibited
regeneration, torment resistance 2, devour on kill
a: no special abilities


You were on level 2 of the Dungeon.
You visited 1 branch of the dungeon, and saw 2 of its levels.

You collected 88 gold pieces.

Inventory:

Armour
 a - a +0 robe (worn)
 c - an orb of light (worn)
 f - a scarf of shadows (worn)
Jewellery
 r - an amulet of regeneration (around neck)
Scrolls
 e - 2 scrolls of noise {unknown}
 j - a scroll of enchant weapon {unknown}
 l - a scroll of fear {unknown}
 o - a scroll of identify {unknown}
 p - a scroll of magic mapping {unknown}
 q - a scroll of vulnerability {unknown}
Potions
 b - a potion of ambrosia
 d - a potion of lignification {unknown}
 g - a potion of magic {unknown}
 h - a potion of degeneration {unknown}
 i - 2 potions of heal wounds {unknown}
 k - a potion of flight {unknown}
 m - 2 potions of berserk rage {unknown}
 n - a potion of attraction {unknown}
 s - a potion of curing {unknown}
 t - a potion of might {unknown}


   Skills:
 * Level 4.0 Fighting
 + Level 0.0 Armour
 + Level 3.2 Dodging
 * Level 4.0 Unarmed Combat


You had 2 spell levels left.
You didn't know any spells.
Your spell library contained the following spells:

 Spells                   Type           Power      Damage    Failure   Level
 Cigotuvi's Dreadful Rot  Necr/Pois/Air  0%         N/A       63%         2
 Ignite Poison            Fire/Tmut/Pois 0%         N/A       85%         3
 Freezing Cloud           Conj/Ice/Air   0%         6-21      100%        5


Dungeon Overview and Level Annotations

Branches:
Dungeon (2/15)

Altars:

Shops:
D:2 ?

Annotations:
D:2 Natasha


Innate Abilities, Weirdness & Mutations

You are immune to poison.
You have sharp fingernails.
Your flesh is cold resistant. (rC+)
You are immune to negative energy. (rN+++)
You do not regenerate when monsters are visible.
You are immune to unholy pain and torment.
You thrive by killing the living.


Message History

The rat twitches its whiskers.
The rat barely misses you.
The cerulean imp hits you but does no damage.
You claw the worm!
You kill the worm!
The bat barely misses you. The quokka bites you.
The rat twitches its whiskers.
The rat closely misses you.
Your Fighting skill increases to level 4!
Your Unarmed Combat skill increases to level 4!
You are too injured to fight recklessly!
You are too injured to fight recklessly!
The quokka misses you.
Natasha casts a spell.
The bat barely misses you. The quokka attacks as you move away!
The quokka bites you. The bat completely misses you.
The bat hits you but does no damage.
You scratch the bat but do no damage. The bat barely misses you. x2
You scratch the bat.
The bat is severely wounded.
The bat hits you but does no damage.
Natasha wildly gestures.
You feel disoriented.
You barely miss the bat.
The bat is heavily wounded.
The bat misses you. The bat closely misses you.
The cerulean imp hits you from afar with a +2 spear.
* * * LOW HITPOINT WARNING * * *
You scratch the bat.
The bat is severely wounded.
The bat hits you but does no damage.
The cerulean imp hits you from afar with a +2 spear.
* * * LOW HITPOINT WARNING * * *
Natasha wildly gestures.
You feel disoriented. The bat closely misses you.
You scratch the bat.
You kill the bat!
The cerulean imp hits you from afar with a +2 spear.
You die...

#.#.######
#.# #.
#.#......#
#.# ####.
#>######.#
#.# #....
#.# #.# #.#
#...#. #.#
#.###.#
#.).... #.#
#.....#
.....## #.#
#..####
#.#.. # #.#
#.....#
#.#. # #<#
##.##@# #
#. # #.#
#.##.#.#...
### #.#
#.##r5.....
..###.#
#.##r5h....
......#
#..........
...####
####.....##
# ..##
#..!.## #


PPP #..... ## PP. #...... .) You could see Natasha, 2 cerulean imps, a quokka
and a rat.

Vanquished Creatures
  A worm (D:2)
  A ball python (D:1)
  9 endoplasms
  2 giant cockroaches (D:2)
  7 hobgoblins
  3 jackals (D:1)
  2 quokkas
  3 bats
  5 goblins
  7 kobolds
  2 rats
42 creatures vanquished.

Notes
Turn   | Place    | Note
-------+----------+-------------------------------------------
     0 | D:1      | arthad the Ghoul Monk began the quest for the Orb.
     0 | D:1      | Reached XP level 1. HP: 19/19 MP: 0/0
     9 | D:1      | Found a faded altar of an unknown god.
    81 | D:1      | Reached XP level 2. HP: 26/26 MP: 1/1
   383 | D:1      | Reached XP level 3. HP: 33/33 MP: 2/2
   836 | D:2      | Found The Oracle's Delphic Readings.
  1107 | D:2      | Noticed Natasha
  1123 | D:2      | Slain by a cerulean imp

Illustrated notes

Levels and vault maps discovered:
D:1:      dpeg_arrival_simpleton_c, layout_basic, basic_ecumenical_altar,
          minmay_tetromino_i4
D:2:      minmay_angry_zag, layout_loops_ring, nicolae_nh_oracle_at_delphi,
          uniq_natasha, uniq_crazy_yiuf_cottage

Skill      XL: |  1  2  3 |
---------------+----------+-----
Dodging        | 3 |  3.2
Fighting       | 4 |  4.0
Unarmed Combat | 4 |  4.0

Action                     || total
---------------------------++-------
  Melee: Unarmed           ||    90
 Armour: Robe              ||    19
  Dodge: Dodged            ||    56
